 Dungeon Crawl Stone Soup version 0.17-a0-1014-g1ec2a3b (webtiles) character file.

62259 Sixotanaka the Shatterer (level 15, -1/156 HPs)
             Began as an Ogre Berserker on May 13, 2015.
             Was a High Priest of Trog.
             Killed from afar by a hell hound (12 damage)
             ... with a blast of flame
             ... on level 8 of the Lair of Beasts.
             The game lasted 01:16:21 (39697 turns).

Sixotanaka the Shatterer (Ogre Berserker)          Turns: 39697, Time: 01:16:21

Health: -1/156     AC:  6    Str: 26    XL:     15   Next: 5%
Magic:  6/6        EV: 19    Int:  6    God:    Trog [*****.]
Gold:   974        SH:  0    Dex: 18    Spells: 0 memorised, 14 levels left

rFire  . . .     SeeInvis .     s - +8 giant spiked club (antimagic)
rCold  . . .     Clarity  .     X - +2 robe {MR+}
rNeg   . . .     SustAb   .     (no shield)
rPois  +         Gourm    .     (helmet restricted)
rElec  .         Spirit   .     K - +0 cloak
rCorr  .         Warding  .     (gloves unavailable)
rMut   .         Stasis   .     (boots unavailable)
MR     ++...                    (no amulet)
Stlth  ++........               T - +4 ring of dexterity
                                M - ring of poison resistance

@: weakened, very resistant to hostile enchantments, unstealthy
A: unfitting armour, tough skin 1
a: Burn Spellbooks, Berserk, Trog's Hand, Brothers in Arms, Renounce Religion


You were on level 8 of the Lair of Beasts.
You worshipped Trog.
Trog was extremely pleased with you.
You were not hungry.

You visited 2 branches of the dungeon, and saw 18 of its levels.
You also visited: Bailey.

You collected 974 gold pieces.


Innate Abilities, Weirdness & Mutations

You are too large for most types of armour.
You have tough skin (AC +1).


   Skills:
 - Level 12.0 Fighting
 - Level 21.1 Maces & Flails
 - Level 7.5 Throwing
 + Level 13.0 Dodging
 - Level 6.0 Evocations


You had 14 spell levels left.
You didn't know any spells.

Dungeon Overview and Level Annotations

Branches:
Dungeon (10/15)            Temple (0/1) D:6            Lair (8/8) D:10
  Snake (0/4) Lair:3        Slime (0/6) Lair:6          Orc (0/4) D:9
  Swamp: Lair:3-6    Shoals: Lair:3-6

Altars:
Ashenzari
Cheibriados
Dithmenos
Makhleb
Qazlal
Ru
Xom
The Shining One

Inventory:

Hand weapons
 a - a +2 antimagic demon whip
   (Trog gifted it to you on level 1 of the Lair of Beasts)
 b - a +8 blowgun
 s - a +8 antimagic giant spiked club (weapon)
   (Trog gifted it to you on level 8 of the Lair of Beasts)
Missiles
 n - 4 curare-tipped needles
 v - 95 poisoned needles
 x - 8 steel javelins (quivered)
 D - 2 javelins
 H - 7 needles of sleeping
 I - 6 poisoned javelins
 Q - 11 tomahawks of returning
 V - 4 large rocks
Armour
 o - the +1 shield of Lecrih {rPois Str+4}
   (You found it on level 4 of the Dungeon)

   It affects your strength (+4).
   It protects you from poison.
 K - a +0 cloak (worn)
 X - a +2 robe of magic resistance (worn)
   (You took it off an orc wizard on level 10 of the Dungeon)
Jewellery
 k - an uncursed ring of fire
 M - a ring of poison resistance (left hand)
 T - a +4 ring of dexterity (right hand)
Magical devices
 l - a wand of fireball (3)
 y - a wand of fire (8)
 z - a wand of confusion (30)
 B - a wand of draining (0)
 J - a wand of fireball (3)
 P - a wand of cold (0)
Scrolls
 e - 9 scrolls of remove curse {@r2}
 j - 3 scrolls of recharging
 t - 3 scrolls of teleportation {@r4}
 u - a scroll of fear
 F - 2 scrolls of blinking
 S - 3 scrolls of immolation {!r}
Potions
 d - 2 potions of magic
 f - 3 potions of curing {@q1}
 g - a potion of agility
 h - a potion of flight {unknown}
 i - 2 potions of lignification {!q}
 m - 5 potions of resistance
 q - 4 potions of brilliance
 r - a potion of cure mutation
 w - a potion of mutation {!q}
 A - 2 potions of invisibility
 E - a potion of ambrosia {unknown}
 N - a potion of might {unknown}
 O - a potion of cancellation
 W - a potion of degeneration {!q}
 Y - 2 potions of haste {@q3}
Miscellaneous
 p - a lamp of fire
 R - an ornate deck of defence
Comestibles
 c - 3 bread rations

♣ ♣....♣
#..8.8...'...._. ♣♣♣
♣♣...♣ #...8.8..# ..♣♣
♣..♣♣ #..8.8...#
♣..♣♣♣♣.♣♣
#...8.8..#######
♣♣..♣♣..♣
#..8.8...)......
♣..♣..♣♣
♣#........#...8..
♣♣..♣♣♣
♣♣♣♣♣h#########......
♣♣..♣♣ ♣♣.♣♣.♣♣♣ ######'
♣♣..♣♣ ♣♣....@..♣♣♣ ♣...
♣♣♣♣♣♣..♣♣♣...♣♣♣....♣♣♣
♣♣♣. ...♣♣♣♣.♣..♣♣♣♣
♣♣♣♣...♣♣ ♣♣♣..
.....♣...♣♣♣
♣♣...♣♣♣♣♣..♣♣
♣♣♣♣†...♣♣ ♣♣♣).♣♣..♣♣♣
♣♣..♣♣ ♣...†.♣♣♣ ♣♣.♣
♣♣...♣♣ ♣♣.♣ ♣♣.♣♣
♣♣♣.♣♣ ♣♣♣♣ ♣♣♣♣♣♣♣


You could see a hell hound.


Message History

You bludgeon the hellwing!!
The hellwing's magic leaks into the air.
The hellwing closely misses you.
The hellwing hits you but does no damage.
The hellwing blocks your attack.
The hellwing's corpse armour sloughs away.
The hellwing gestures.
The bodies of the dead form a shell around the hellwing.
The hellwing blocks your attack.
You puncture the hellwing!
The hellwing's magic leaks into the air.
The hellwing barely misses you. x2
The hellwing blocks your attack.
The hellwing's corpse armour sloughs away.
The orange demon stings you from afar. The hellwing completely misses you.
The hellwing misses you.
You hit the hellwing but do no damage.
The orange demon stings you but does no damage.
The hellwing closely misses you. x2
You impale the hellwing!!
The hellwing's magic leaks into the air.
The orange demon stings you from afar.
You are poisoned.
The orange demon poisons you!
You feel your attacks grow feeble.
You bludgeon the hellwing!!
You kill the hellwing!
Trog accepts your kill.
You feel sick.
You feel sick. The orange demon stings you. The orange demon misses you.
Something hits you!
* * * LOW HITPOINT WARNING * * *
There is an open door, spattered with blood here.
You puncture the orange demon!
You feel sick. The orange demon completely misses you.
The orange demon hits you but does no damage.
You impale the orange demon!!
You feel sick. Something hits you!
* * * LOW HITPOINT WARNING * * *
The orange demon barely misses you.
The orange demon hits you but does no damage.
You barely miss the orange demon. The orange demon closely misses you.
The orange demon hits you but does no damage.
Something hits you.
* * * LOW HITPOINT WARNING * * *
You sock the orange demon!
You kill the orange demon!
Trog accepts your kill.
Your Dodging skill increases to level 13!
You feel sick.
You feel sick. The hell hound breathes flames at you.
The blast of flame hits you!
* * * LOW HITPOINT WARNING * * *
You feel sick. The hell hound misses you.
You bludgeon the hell hound!!
You feel sick. The hell hound misses you. Something hits you!
* * * LOW HITPOINT WARNING * * *
You barely miss the hell hound. The hell hound barely misses you.
Something hits you!
* * * LOW HITPOINT WARNING * * *
Drink which item? (? for menu, Esc to quit)
You feel better. The hell hound completely misses you.
The hell hound misses you.
You hit the hell hound. Something hits you!
* * * LOW HITPOINT WARNING * * *
The hell hound bites you!
* * * LOW HITPOINT WARNING * * *
The hell hound breathes flames at you. The blast of flame hits you!
You die...

Action                   |  1- 3 |  4- 6 |  7- 9 | 10-12 | 13-15 || total
-------------------------+-------+-------+-------+-------+-------++-------
Melee: Mace              |   111 |   232 |   406 |   327 |       ||  1076
       Great mace        |       |       |       |   214 |       ||   214
       Demon whip        |       |       |       |   551 |  1030 ||  1581
       Giant spiked club |       |       |       |       |    37 ||    37
 Fire: Blowgun           |       |       |       |     7 |       ||     7
Throw: Stone             |       |       |     3 |    47 |       ||    50
       Tomahawk          |       |       |       |    39 |   180 ||   219
       Javelin           |       |       |       |       |     7 ||     7
Invok: Berserk           |     1 |     2 |     4 |    11 |     9 ||    27
       Trog's Hand       |       |     1 |     4 |     8 |     3 ||    16
       Brothers in Arms  |       |       |       |     1 |     1 ||     2
       Burn Spellbooks   |       |       |       |     1 |       ||     1
Evoke: Wand              |       |       |       |       |    12 ||    12
       Lamp of fire      |       |       |       |       |     1 ||     1
  Use: Scroll            |       |       |     8 |    19 |    12 ||    39
       Potion            |       |       |       |     1 |     1 ||     2
 Stab: Distracted        |       |       |     1 |     1 |       ||     2
       Sleeping          |       |       |       |     1 |     2 ||     3
  Eat: Chunk             |     1 |    10 |    21 |    37 |    34 ||   103
       Beef jerky        |       |       |     2 |     1 |     1 ||     4
       Pizza             |       |       |       |     3 |       ||     3
       Meat ration       |       |       |       |     3 |       ||     3
       Bread ration      |       |       |       |     1 |     4 ||     5
       Royal jelly       |       |       |       |       |     2 ||     2

Vault maps used:
D:1:      dpeg_arrival_chase, minmay_misc_feat_five, minmay_statues_item,
          minmay_misc_feat_alley
D:2:      first_bread, serial_aquarium, aquarium_bridge_straight,
          aquarium_window_1, aquarium_window_corridor_1, aquarium_view_2f,
          aquarium_view_2b, aquarium_balcony_3a, uniq_robin, uniq_sigmund,
          uniq_terence
D:3:      lemuel_round_altar, old_standard_altar, serial_undead,
          serial_undead_d, serial_undead_f, serial_undead_a, serial_undead_b,
          serial_undead_d, serial_undead_e, serial_undead_e
D:4:      tso_altar, lemuel_doored_altar, minivault_14, uniq_grinder
D:5:      kennysheep_mini, overflow_temple_1_default
D:6:      xom_redecorated, minmay_temple_entry_junction, st_stairs_13
D:7:      uniq_menkaure
D:9:      hiddenorc2_lemuel, uniq_joseph
D:10:     grunt_lair_entry_elf_guard_hut, enter_bailey_8
Lair:1:   nicolae_quartered_pool_super, minmay_stone_trees_small
Lair:2:   serial_bayou_shore_a, uniq_sonja, uniq_harold
Lair:3:   guppyfry_snake_entry_garden, beast_lair_carwin_6
Lair:4:   swamp_mist
Lair:5:   guppyfry_lair_drakes
Lair:6:   slime_dummy
Lair:8:   evil_forest
Bailey:   bailey_axe_1, bailey

Notes
Turn   | Place    | Note
--------------------------------------------------------------
     0 | D:1      | Sixotanaka the Ogre Berserker began the quest for the Orb.
     0 | D:1      | Reached XP level 1. HP: 24/24 MP: 1/1
    74 | D:1      | Reached XP level 2. HP: 29/32 MP: 2/2
   148 | D:1      | Reached skill level 5 in Maces & Flails
   522 | D:1      | Reached XP level 3. HP: 29/39 MP: 3/3
   631 | D:1      | Acquired Trog's second power
  1082 | D:2      | Noticed Robin
  1105 | D:2      | Killed Robin
  1105 | D:2      | Reached skill level 6 in Maces & Flails
  1112 | D:2      | Reached XP level 4. HP: 40/48 MP: 4/4
  1113 | D:2      | Noticed Terence
  1153 | D:2      | Killed Terence
  1610 | D:2      | Noticed Sigmund
  1620 | D:2      | Killed Sigmund
  1620 | D:2      | Reached skill level 8 in Maces & Flails
  1620 | D:2      | Reached XP level 5. HP: 54/54 MP: 5/5
  1620 | D:2      | Reached XP level 6. HP: 62/62 MP: 6/6
  2105 | D:3      | Reached skill level 9 in Maces & Flails
  2744 | D:3      | Found a shadowy altar of Dithmenos.
  2906 | D:3      | Found a stormy altar of Qazlal.
  3115 | D:4      | Got a heavily runed shield
  3121 | D:4      | Identified the +1 shield of Lecrih {rPois Str+4} (You found it on level 4 of the Dungeon)
  3419 | D:4      | Found a snail-covered altar of Cheibriados.
  3674 | D:4      | Noticed Grinder
  3698 | D:4      | Killed Grinder
  3698 | D:4      | Reached skill level 10 in Maces & Flails
  3698 | D:4      | Reached XP level 7. HP: 70/70 MP: 7/7
  3714 | D:4      | Noticed Sixotanaka's ghost (average OgBe)
  3807 | D:4      | Killed Sixotanaka's ghost
  3807 | D:4      | Reached skill level 11 in Maces & Flails
  3905 | D:4      | Reached XP level 8. HP: 75/78 MP: 8/8
  4003 | D:4      | Reached skill level 12 in Maces & Flails
  4325 | D:4      | Found a glowing golden altar of the Shining One.
  4495 | D:4      | HP: 17/78 [killer bee (3)]
  4497 | D:4      | HP: 6/117 [killer bee (6)]
  4848 | D:5      | Entered Level 5 of the Dungeon
  5184 | D:4      | Acquired Trog's third power
  5264 | D:5      | Reached skill level 13 in Maces & Flails
  5519 | D:5      | Found a sacrificial altar of Ru.
  5579 | D:5      | Found a shattered altar of Ashenzari.
  6035 | D:6      | Found a staircase to the Ecumenical Temple.
  6062 | D:6      | Found a shimmering altar of Xom.
  6065 | D:6      | Found a shimmering altar of Xom.
  6065 | D:6      | Found a shimmering altar of Xom.
  6069 | D:6      | Found a shimmering altar of Xom.
  6069 | D:6      | Found a shimmering altar of Xom.
  6069 | D:6      | You fall through a shaft for 3 floors!
  6280 | D:8      | Reached skill level 14 in Maces & Flails
  6290 | D:8      | Reached XP level 9. HP: 57/84 MP: 9/9
  6653 | D:8      | HP: 25/126 [hippogriff (7)]
  6654 | D:8      | Reached skill level 15 in Maces & Flails
  8343 | D:6      | Received a gift from Trog
  8374 | D:6      | Reached skill level 16 in Maces & Flails
  8632 | D:6      | You fall through a shaft for 2 floors!
  8796 | D:7      | Noticed Menkaure
  8804 | D:7      | Killed Menkaure
  8996 | D:7      | HP: 19/84 [orc priest/trident (9)]
  9280 | D:6      | Reached XP level 10. HP: 82/92 MP: 10/10
  9399 | D:6      | Reached skill level 17 in Maces & Flails
 10485 | D:9      | Noticed a hill giant
 10512 | D:8      | Killed a hill giant
 10512 | D:8      | Reached skill level 18 in Maces & Flails
 11968 | D:9      | Noticed Joseph
 11981 | D:9      | Killed Joseph
 12332 | D:9      | Reached skill level 19 in Maces & Flails
 12783 | D:9      | Found a staircase to the Orcish Mines.
 13198 | D:10     | Entered Level 10 of the Dungeon
 13466 | D:10     | Received a gift from Trog
 13576 | D:10     | Found a flagged portal.
 13739 | Bailey   | Entered a bailey
 14045 | Bailey   | Reached XP level 11. HP: 56/100 MP: 3/11
 14440 | D:10     | Reached skill level 20 in Maces & Flails
 15197 | D:10     | Identified the Tome of the Twisted Escort
 15755 | D:10     | Found a staircase to the Lair.
 16034 | D:10     | Noticed a hill giant
 16042 | D:10     | Killed a hill giant
 16328 | Lair:1   | Entered Level 1 of the Lair of Beasts
 16665 | Lair:1   | Received a gift from Trog
 17239 | Lair:1   | Reached skill level 21 in Maces & Flails
 17272 | Lair:1   | HP: 22/100 [yak (11)]
 17276 | Lair:1   | HP: 8/100 [yak (13)]
 17624 | Lair:1   | Reached skill level 1 in Throwing
 17719 | Lair:1   | Reached skill level 5 in Fighting
 17719 | Lair:1   | Reached skill level 2 in Throwing
 17723 | Lair:1   | HP: 22/102 [komodo dragon (21)]
 18169 | Lair:1   | Reached skill level 6 in Fighting
 18169 | Lair:1   | Reached skill level 3 in Throwing
 18906 | Lair:1   | Reached XP level 12. HP: 75/115 MP: 4/12
 18918 | Lair:1   | Reached skill level 4 in Throwing
 18926 | Lair:1   | Reached skill level 7 in Fighting
 18948 | Lair:1   | HP: 20/118 [yak (11)]
 19652 | Lair:2   | Received a gift from Trog
 19652 | Lair:2   | Reached skill level 5 in Throwing
 19800 | Lair:2   | Reached skill level 8 in Fighting
 19996 | Lair:2   | Noticed Sonja
 20025 | Lair:2   | HP: 26/119 [Sonja/uncursed dagger of distortion (24)]
 20025 | Lair:2   | HP: 12/119 [Sonja/uncursed dagger of distortion (4)]
 20025 | Lair:2   | HP: 5/119 [Sonja/uncursed dagger of distortion (3)]
 20348 | Lair:2   | Noticed Harold
 20378 | Lair:1   | HP: 35/178 [yak (13)]
 20380 | Lair:1   | HP: 13/180 [yak (17)]
 21172 | Lair:2   | Reached skill level 6 in Throwing
 21550 | Lair:2   | Reached skill level 9 in Fighting
 21702 | Lair:2   | Killed Sonja
 21882 | Lair:2   | Killed Harold
 21882 | Lair:2   | Reached skill level 7 in Throwing
 22295 | Lair:2   | Reached skill level 10 in Fighting
 22440 | Lair:2   | Noticed a four-headed hydra
 22459 | Lair:2   | HP: 28/126 [four-headed hydra (11)]
 22469 | Lair:2   | HP: 24/126 [water moccasin (9)]
 22475 | Lair:2   | HP: 25/126 [poisoned by a water moccasin]
 22480 | Lair:2   | HP: 28/126 [poisoned by a water moccasin]
 22937 | Lair:2   | Reached skill level 1 in Evocations
 23265 | Lair:3   | Found a staircase to the Snake Pit.
 23462 | Lair:3   | Reached skill level 3 in Dodging
 24326 | Lair:3   | Noticed an eight-headed hydra
 24344 | Lair:3   | Killed an eight-headed hydra
 24344 | Lair:3   | Reached skill level 2 in Evocations
 24612 | Lair:3   | Received a gift from Trog
 24841 | Lair:3   | Reached skill level 4 in Dodging
 25119 | Lair:3   | Noticed a four-headed hydra
 25130 | Lair:3   | Killed a four-headed hydra
 25130 | Lair:3   | Reached skill level 11 in Fighting
 25130 | Lair:3   | Reached skill level 3 in Evocations
 25130 | Lair:3   | Reached XP level 13. HP: 61/137 MP: 5/15
 26554 | Lair:4   | HP: 36/205 [six-headed hydra (18)]
 27366 | Lair:5   | Reached skill level 4 in Evocations
 27432 | Lair:5   | Reached skill level 5 in Dodging
 27890 | Lair:5   | HP: 25/139 [eight-headed hydra (11)]
 27913 | Lair:6   | HP: 23/139 [crocodile (9)]
 28534 | Lair:5   | HP: 26/139 [eight-headed hydra (9)]
 28539 | Lair:5   | HP: 18/139 [poisoned by a spiny frog]
 28546 | Lair:5   | HP: 17/139 [poisoned by a spiny frog]
 28553 | Lair:5   | HP: 18/139 [poisoned by a spiny frog]
 28561 | Lair:5   | HP: 18/139 [poisoned by a spiny frog]
 28969 | Lair:5   | Reached skill level 12 in Fighting
 29216 | Lair:6   | Found a staircase to the Slime Pits.
 29539 | Lair:6   | Reached skill level 5 in Evocations
 29675 | Lair:6   | Reached skill level 6 in Dodging
 31675 | Lair:7   | Reached skill level 6 in Evocations
 31706 | Lair:7   | Reached skill level 7 in Dodging
 32412 | Lair:7   | Reached skill level 8 in Dodging
 32820 | Lair:8   | Entered Level 8 of the Lair of Beasts
 32828 | Lair:8   | Reached XP level 14. HP: 136/149 MP: 6/18
 33017 | Lair:7   | Received a gift from Trog
 33473 | Lair:7   | Reached skill level 9 in Dodging
 34003 | Lair:8   | HP: 36/149 [yak (11)]
 34009 | Lair:8   | HP: 18/149 [yak (2)]
 34213 | Lair:6   | HP: 31/149 [death yak (23)]
 34220 | Lair:6   | HP: 34/149 [porcupine (1)]
 34225 | Lair:6   | HP: 21/149 [death yak (2)]
 34232 | Lair:6   | HP: 21/223 [death yak (17)]
 34312 | Lair:6   | HP: 33/149 [yak (11)]
 34314 | Lair:6   | Reached skill level 10 in Dodging
 36677 | Lair:8   | Reached skill level 11 in Dodging
 36831 | Lair:8   | Received a gift from Trog
 37537 | Lair:8   | HP: 31/149 [black mamba (11)]
 37548 | Lair:8   | HP: 15/149 [squashed by a boulder beetle (19)]
 38097 | Lair:8   | Reached skill level 12 in Dodging
 38126 | Lair:8   | HP: 36/149 [eight-headed hydra (17)]
 39070 | Lair:8   | HP: 23/149 [spiny frog (16)]
 39090 | Lair:8   | Received a gift from Trog
 39597 | Lair:8   | Found a burning altar of Makhleb.
 39645 | Lair:8   | Reached XP level 15. HP: 117/156 MP: 6/19
 39690 | Lair:8   | Reached skill level 13 in Dodging
 39694 | Lair:8   | HP: 24/156 [something (16)]
 39696 | Lair:8   | HP: 11/156 [hell hound (8)]
 39697 | Lair:8   | Killed from afar by a hell hound

Vanquished Creatures
  14 hydras
  Harold (Lair:2)
  A catoblepas (Lair:8)
  3 death yaks
  Sonja (Lair:2)
  A wizard (Lair:8)
  2 hill giants
  A griffon (Lair:7)
  A sixfirhy (Lair:8)
  5 black mambas
  9 elephants
  Joseph (D:9)
  A torpor snail (Lair:7)
  A gargoyle (D:10)
  3 orange demons (Lair:8)
  9 komodo dragons
  A wandering mushroom (Lair:7)
  22 spiny frogs
  3 fire drakes
  The ghost of Sixotanaka the Basher, an average OgBe of Trog (D:4)
  A hellwing (Lair:8)
  A troll (D:10)
  3 polar bears
  2 blue devils (Lair:8)
  Grinder (D:4)
  20 blink frogs
  A boulder beetle (Lair:8)
  Sigmund (D:2)
  4 basilisks
  12 hippogriffs
  A deep elf fighter (D:10)
  A steam dragon (Lair:5)
  6 wolves (Lair:4)
  47 yaks
  Menkaure (D:7)
  3 nagas (Lair:3)
  20 water moccasins
  2 swamp drakes (Lair:5)
  A hell hound (Lair:8)
  15 porcupines
  A black bear (D:7)
  2 ogres
  9 orc warriors
  3 ice beasts
  A sky beast (D:9)
  31 crocodiles
  3 centaurs
  25 giant frogs
  A big kobold (D:10)
  2 scorpions
  8 killer bees
  2 electric eels (Lair:1)
  16 wights
  5 crimson imps
  A giant frog zombie (D:9)
  2 hounds
  7 jellies
  12 orc priests
  18 orc wizards
  2 centaur skeletons
  A giant frog skeleton (D:7)
  4 worker ants
  Terence (D:2)
  A gnoll shaman (D:7)
  7 iguanas
  A killer bee zombie (D:8)
  34 sheep
  2 hound zombies (D:3)
  2 hound skeletons
  A worker ant zombie (D:3)
  Robin (D:2)
  11 gnolls
  52 river rats
  2 shadow imps
  5 adders
  3 oozes
  2 adder zombies
  4 adder skeletons
  5 worms
  6 giant geckos
  59 orcs
  A ball python (D:1)
  25 bats
  2 bat skeletons
  A bat zombie (D:6)
  31 goblins
  17 hobgoblins
  16 jackals
  37 kobolds
  5 quokkas
  7 giant cockroaches
  A giant cockroach zombie (D:3)
  5 giant newts
  A jackal skeleton (D:5)
  A quokka zombie (D:5)
  23 rats
  2 plants
754 creatures vanquished.

Vanquished Creatures (collateral kills)
  A komodo dragon (Lair:1)
  A spiny frog (Lair:1)
  A yak (Lair:1)
3 creatures vanquished.

Vanquished Creatures (others)
  An ogre (Lair:4)
  2 river rats (Lair:1)
  22 fungi
  7 plants (Lair:8)
32 creatures vanquished.

Grand Total: 789 creatures vanquished
